 Dungeon Crawl Stone Soup version 0.28-a0-1002-gf00fe891ef (webtiles) character file.

Game seed: 1465311150761998253

180 ragingrage the Chopper (level 5, -7/43 HPs)
             Began as a Palentonga Fighter on Dec 7, 2021.
             Mangled by a gnoll sergeant (11 damage)
             ... on level 3 of the Dungeon.
             The game lasted 00:02:27 (2829 turns).

ragingrage the Chopper (Palentonga Fighter)         Turns: 2829, Time: 00:02:28

Health: -7/43      AC:  9    Str: 19    XL:     5   Next: 33%
Magic:  0/5        EV:  7    Int:  8    God:
Gold:   94         SH:  4    Dex: 12    Spells: 4/4 levels left

rFire   . . .      SeeInvis +   a - +2 hand axe (flame)
rCold   . . .      Faith    .   c - +0 buckler
rNeg    + . .      Spirit   .   b - +0 scale mail
rPois   .          Reflect  .   (no helmet)
rElec   .          Harm     .   (no cloak)
rCorr   .          Rampage  .   o - +2 pair of gloves {infuse}
Will    .....                   (no barding)
Stlth   ..........              (no amulet)
HPRegen 0.14/turn               i - ring of positive energy
MPRegen 0.09/turn               (no ring)

@: hasted, very quick
A: large, rugged brown scales 3, see invisible, deformed body, roll 1, armoured
tail
a: Rolling Charge


You were on level 3 of the Dungeon.
You visited 1 branch of the dungeon, and saw 3 of its levels.

You collected 94 gold pieces.

Inventory:

Hand Weapons
 a - a +2 hand axe of flaming (weapon)
Missiles
 e - 2 boomerangs
Armour
 b - a +0 scale mail (worn)
 c - a +0 buckler (worn)
 o - a +2 pair of gloves of infusion (worn)
Jewellery
 i - a ring of positive energy (left hand)
Scrolls
 h - a scroll of amnesia {unknown}
 j - 2 scrolls of magic mapping {unknown}
 m - a scroll of fog {unknown}
 n - 2 scrolls of fear {unknown}
 p - a scroll of identify {unknown}
Potions
 k - a potion of cancellation {unknown}
 l - a potion of heal wounds {unknown}


   Skills:
 - Level 3.0 Fighting
 * Level 5.6 Axes
 - Level 2.4 Armour
 - Level 2.4 Shields


You had 4 spell levels left.
You didn't know any spells.
Your spell library contained the following spells:

 Spells                   Type           Power      Damage    Failure   Level
 Slow                     Hex            0%         N/A       78%         1
 Confusing Touch          Hex            0%         N/A       98%         3
 Yara's Violent Unravell  Hex/Tmut       0%         3d3       100%        5


Dungeon Overview and Level Annotations

Branches:
Dungeon (3/15)

Altars:

Annotations:
D:2 exclusion: downstairs


Innate Abilities, Weirdness & Mutations

You are completely covered in rugged brown scales. (AC +3, +7% HP)
You have supernaturally acute eyesight. (SInv)
Armour fits poorly on your strangely shaped body.
You can roll at nearby foes to attack.
You have a long armoured tail.


Message History

You closely miss the kobold. The kobold hits you with a +0 dagger.
The gnoll sergeant barely misses you.
You slash the kobold! You burn the kobold.
You kill the kobold!
The gnoll sergeant hits you from afar with a +0 trident.
You slash the kobold! You burn the kobold.
You kill the kobold!
The gnoll sergeant barely misses you.
You hit the hobgoblin. You burn the hobgoblin.
You kill the hobgoblin!
You block the gnoll sergeant's attack. You block the gnoll sergeant's attack.
Items here: (( )).
You barely miss the gnoll sergeant. You tail-slap the gnoll sergeant!
The gnoll sergeant is moderately wounded.
The gnoll sergeant hits you with a +0 trident.
You completely miss the gnoll sergeant.
The gnoll sergeant is moderately wounded.
The gnoll sergeant closely misses you.
You barely miss the gnoll sergeant.
You tail-slap the gnoll sergeant, but do no damage.
The gnoll sergeant is moderately wounded.
The gnoll sergeant hits you with a +0 trident.
You hit the gnoll sergeant. You burn the gnoll sergeant.
The gnoll sergeant is moderately wounded.
The gnoll sergeant hits you with a +0 trident.
You barely miss the gnoll sergeant.
Your tail-slap misses the gnoll sergeant.
The gnoll sergeant is moderately wounded.
The gnoll sergeant hits you with a +0 trident!
* * * LOW HITPOINT WARNING * * *
You hit the gnoll sergeant. You burn the gnoll sergeant.
You tail-slap the gnoll sergeant, but do no damage.
The gnoll sergeant is heavily wounded.
The gnoll sergeant hits you with a +0 trident!
* * * LOW HITPOINT WARNING * * *
You block the gnoll sergeant's attack.
You feel yourself speed up.
The gnoll sergeant hits you from afar with a +0 trident!
You die...

.......######.###.###.....#
..#............#$..#......#
..#..........#. #........#
..#.........## ###†.##'###
..###.#.......###.).....# .
#.#.....###.###.....#.
..#......#...#g.....'..
...#.................#..
....#.........@.......# .
g..# .................#
...............#
...............#
...............#
...............#
...............#
...............


You could see a gnoll sergeant.

Vanquished Creatures
  An iguana (D:2)
  Terence (D:2)
  A gnoll (D:1)
  5 adders
  A worm (D:2)
  3 dart slugs
  2 orcs
  4 ball pythons
  5 bats
  7 endoplasms
  3 giant cockroaches
  4 goblins
  8 hobgoblins
  4 jackals (D:1)
  2 quokkas (D:2)
  A frilled lizard (D:1)
  5 kobolds
  3 rats
60 creatures vanquished.

Notes
Turn   | Place    | Note
-------+----------+-------------------------------------------
     0 | D:1      | ragingrage the Palentonga Fighter began the quest for the
                  | Orb.
     0 | D:1      | Reached XP level 1. HP: 19/19 MP: 1/1
    28 | D:1      | Found a faded altar of an unknown god.
   147 | D:1      | Reached XP level 2. HP: 17/25 MP: 2/2
   363 | D:1      | Reached skill level 3 in Axes
   620 | D:1      | Reached XP level 3. HP: 30/31 MP: 3/3
   918 | D:2      | Reached skill level 4 in Axes
   980 | D:2      | Noticed Terence
   988 | D:2      | Killed Terence
   989 | D:2      | Reached XP level 4. HP: 6/37 MP: 4/4
  2089 | D:3      | Noticed a gnoll sergeant
  2225 | D:2      | Reached skill level 5 in Axes
  2393 | D:3      | Reached XP level 5. HP: 43/43 MP: 5/5
  2829 | D:3      | Mangled by a gnoll sergeant

Illustrated notes

Levels and vault maps discovered:
D:1:      scummos_arrival_simple_fountains, layout_loops_ring,
          shapermc_ecumenical_altar_totnotflames
D:2:      layout_basic, uniq_terence
D:3:      layout_basic, minmay_between

Skill      XL: |  1  2  3  4 |
---------------+-------------+-----
Axes           | 3 4 5 |  5.6
Fighting       | |  3.0
Armour         | |  2.4
Shields        | |  2.4

Action                   |  1- 3 |  4- 6 || total
-------------------------+-------+-------++-------
Melee: War axe           |    35 |       ||    35
       Tailslap          |     7 |    10 ||    17
       Hand axe          |    31 |    72 ||   103
 Abil: Rolling Charge    |     9 |    11 ||    20
  Use: Potion            |     1 |     1 ||     2
       Scroll            |       |     1 ||     1
Armor: Scale mail        |    31 |    31 ||    62
Dodge: Dodged            |    22 |    22 ||    44
Block: Buckler           |    14 |    25 ||    39

Table legend: (Time is in decaauts)
 A = Elapsed time spent in this place.
 B = Non-inter-level travel time spent in this place.
 C = Inter-level travel time spent in this place.
 D = Time resting spent in this place.
 E = Time spent auto-exploring this place.
 F = Levels seen in this place.
 G = Mean time per level.
                   A        B        C        D        E       F      G
               +--------+--------+--------+--------+--------+-----+--------+
         Total |   2849 |   2721 |    128 |    483 |   1804 |   3 |  949.7 |
       Dungeon |   2849 |   2721 |    128 |    483 |   1804 |   3 |  949.7 |
               +--------+--------+--------+--------+--------+-----+--------+

Top non-repeatable levels by time:
     D:2: 1467 daAuts
     D:1: 906 daAuts
     D:3: 475 daAuts
